 Dungeon Crawl Stone Soup version 0.26.1-11-gd32895ea62 (webtiles) character file.

Game seed: 496489972495467196

46 raph the Firebug (level 3, 0/19 HPs)
             Began as a Deep Elf Fire Elementalist on May 1, 2021.
             Succumbed to an adder's poison
             ... on level 1 of the Dungeon.
             The game lasted 00:02:49 (1679 turns).

raph the Firebug (Deep Elf Fire Elementalist)       Turns: 1679, Time: 00:02:49

Health: 0/19       AC:  4    Str:  5    XL:     3   Next: 46%
Magic:  8/9        EV: 13    Int: 20    God:
Gold:   76         SH:  0    Dex: 15    Spells: 4/8 levels left

rFire    . . .     SeeInvis .   f - +0 dagger
rCold    . . .     Faith    .   (no shield)
rNeg     . . .     Spirit   .   a - +0 robe
rPois    .         Reflect  .   (no helmet)
rElec    .         Harm     .   (no cloak)
rCorr    .         Rampage  .   (no gloves)
Will     .....                  e - +1 pair of boots
Stlth    ++........             (no amulet)
HPRegen  0.06/turn              k - ring of wizardry
MPRegen  0.11/turn              (no ring)

@: lethally poisoned (0 -> -5)
A: no striking features
a: no special abilities


You were on level 1 of the Dungeon.
You visited 1 branch of the dungeon, and saw 2 of its levels.

You collected 76 gold pieces.

Inventory:

Hand Weapons
 f - a +0 dagger (weapon)
Armour
 a - a +0 robe (worn)
 e - a +1 pair of boots (worn)
Jewellery
 k - a ring of wizardry (left hand)
Scrolls
 b - 2 scrolls of identify {unknown}
 c - a scroll of amnesia {unknown}
 g - a scroll of remove curse {unknown}
 h - a scroll of blinking {unknown}
 j - a scroll of teleportation {unknown}
Potions
 d - a potion of magic
 i - a potion of flight {unknown}


   Skills:
 - Level 2.4 Dodging
 - Level 2.4 Stealth
 - Level 3.0 Spellcasting
 + Level 2.7 Conjurations
 + Level 4.2 Fire Magic


You had 4 spell levels left.
You knew the following spells:

 Your Spells              Type           Power        Failure   Level
a - Foxfire               Conj/Fire      68%          1%          1
b - Conjure Flame         Conj/Fire      17%          4%          3

Your spell library contained the following spells:

 Spells                   Type           Power        Failure   Level
 Inner Flame              Hex/Fire       11%          8%          3
 Sticky Flame             Conj/Fire      17%          13%         4
 Fireball                 Conj/Fire      8%           34%         5


Dungeon Overview and Level Annotations

Branches:
Dungeon (2/15)

Altars:
The Shining One


Message History

* * * LOW HITPOINT WARNING * * *
* * * LOW HITPOINT WARNING * * *
You feel sick.
Casting: Foxfire (safe; 1% risk of failure)
Confirm with . or Enter, or press ? or * to list all spells.
You conjure some foxfire!
* * * LOW HITPOINT WARNING * * *
You feel sick. The adder barely misses you. The adder bites you.
* * * LOW HITPOINT WARNING * * *
Your foxfire dissipates!
The foxfire hits the adder.
The adder is lightly wounded.
* * * LOW HITPOINT WARNING * * *
You feel sick. The adder closely misses you.
It was a potion of magic.
Magic courses through your body. The adder bites you but does no damage.
The adder barely misses you.
Casting: Foxfire (safe; 1% risk of failure)
Confirm with . or Enter, or press ? or * to list all spells.
You conjure some foxfire!
You die...

.###...####.##..######.#...#####.
##...### #.##.........####......
#..#รท# #.##.######### #.#####
..##.# #.##.# #.# # .###.# #.##.#
#.# # ## #.# #.##.#### #.# # #
#.## #.##....#########.# # #..#
#.##.v............# ##.#
#.##.v@.############### #.#
#....S.## #...........# #####.#
####.### #.#########.# ......#
#l# #.# #.# ####### #.#### #.#
#.# #########....# #.# #..
#..........>.# #.# ###
#.#######....# #.# #.# #.#.## #.#


You could see an adder and a leopard gecko.

Vanquished Creatures
  An adder (D:1)
  A gnoll (D:1)
  An ooze (D:1)
  A bat (D:1)
  A goblin (D:1)
  6 hobgoblins (D:1)
  2 jackals (D:2)
  3 frilled lizards
  4 kobolds (D:1)
  3 rats (D:1)
23 creatures vanquished.

Vanquished Creatures (others)
  63 foxfires
63 creatures vanquished.

Grand Total: 86 creatures vanquished

Notes
Turn   | Place    | Note
-------+----------+-------------------------------------------
     0 | D:1      | raph the Deep Elf Fire Elementalist began the quest for the
                  | Orb.
     0 | D:1      | Reached XP level 1. HP: 10/10 MP: 6/6
   106 | D:1      | Reached XP level 2. HP: 15/15 MP: 4/8
   574 | D:1      | Found a glowing golden altar of the Shining One.
   784 | D:1      | Reached skill level 4 in Fire Magic
   955 | D:1      | Reached XP level 3. HP: 19/19 MP: 5/9
   959 | D:1      | Learned a level 3 spell: Conjure Flame
  1679 | D:1      | Succumbed to an adder's poison

Illustrated notes

Levels and vault maps discovered:
D:1:      lemuel_arrival_funnel, layout_loops_ring, tso_metal_star
D:2:      layout_rooms, wad_woods_river_04, kennysheep_boxes

Skill      XL: |  1  2 |
---------------+-------+-----
Conjurations   | 2 |  2.7
Fire Magic     | 4 |  4.2
Dodging        | |  2.4
Stealth        | |  2.4
Spellcasting   | |  3.0

Action                   || total
-------------------------++-------
Melee: Unarmed           ||     2
       Dagger            ||     2
 Cast: Foxfire           ||    54
  Use: Potion            ||     1
 Stab: Sleeping          ||     1
Armor: Robe              ||     7
Dodge: Dodged            ||    18
